 Dungeon Crawl Stone Soup version 0.23-a0-108-gf7ee2ed (webtiles) character file.

6 lalalala the Magician (level 1, -3/16 HPs)
             Began as a Troll Wizard on Aug 21, 2018.
             Slain by a hobgoblin
             ... wielding a +0 spear
              (7 damage)
             ... on level 1 of the Dungeon.
             The game lasted 00:02:02 (270 turns).

lalalala the Magician (Troll Wizard)                 Turns: 270, Time: 00:02:03

Health: -3/16      AC:  5    Str: 14    XL:     1   Next: 75%
Magic:  2/2        EV: 10    Int: 14    God:
Gold:   6          SH:  0    Dex:  8    Spells: 3/4 levels left

rFire    . . .     SeeInvis .   (no weapon)
rCold    . . .     Gourm    +   (no shield)
rNeg     . . .     Faith    .   a - +0 robe
rPois    .         Spirit   .   b - +0 hat
rElec    .         Reflect  .   (no cloak)
rCorr    .         Harm     .   (gloves unavailable)
MR       .....                  (boots unavailable)
Stlth    +.........             (no amulet)
HPRegen  0.45/turn              (no ring)
MPRegen  0.08/turn              (no ring)

@: no status effects
A: large, unfitting armour, claws 3, fast metabolism 3, gourmand, regeneration
1, shaggy fur 1, tough skin 2
a: no special abilities


You were on level 1 of the Dungeon.
You were not hungry.

You visited 1 branch of the dungeon, and saw 1 of its levels.

You collected 6 gold pieces.

Inventory:

Armour
 a - a +0 robe (worn)
 b - a +0 hat (worn)
Scrolls
 c - 2 scrolls of noise
Comestibles
 d - 2 rations


   Skills:
 + Level 0.1 Fighting
 + Level 1.7 Dodging
 + Level 1.0 Stealth
 + Level 2.1 Spellcasting
 + Level 0.6 Conjurations
   Level 0.6 Summonings
   Level 0.6 Translocations


You had 3 spell levels left.
You knew the following spells:

 Your Spells              Type           Power        Failure   Level  Hunger
a - Magic Dart            Conj           #...         19%         1    #......

Your spell library contained the following spells:

 Spells                   Type           Power        Failure   Level  Hunger
 Blink                    Tloc           N/A          28%         2    ###....
 Call Imp                 Summ           #.......     28%         2    ###....
 Slow                     Hex            #.......     34%         2    ###....
 Conjure Flame            Conj/Fire      #.......     52%         3    ###....
 Mephitic Cloud           Conj/Pois/Air  #.......     54%         3    ###....


Dungeon Overview and Level Annotations

Branches:
Dungeon (1/15)

Altars:


Innate Abilities, Weirdness & Mutations

You are too large for most types of armour.
You have claws for hands.
Your metabolism is lightning-fast.
You like to eat raw meat.
Your natural rate of healing is unusually fast.
You are covered in fur. (AC +1)
You have very tough skin. (AC +2)


Message History

The hobgoblin hits you with a spear.
You barely miss the hobgoblin.
The hobgoblin is lightly wounded.
The hobgoblin hits you with a spear.
You scratch the hobgoblin.
The hobgoblin is moderately wounded.
The hobgoblin closely misses you.
You barely miss the hobgoblin.
The hobgoblin is moderately wounded.
The hobgoblin hits you but does no damage.
You scratch the hobgoblin.
The hobgoblin is heavily wounded.
The hobgoblin hits you with a spear.
* * * LOW HITPOINT WARNING * * *
The hobgoblin hits you but does no damage.
The hobgoblin hits you from afar with a spear.
* * * LOW HITPOINT WARNING * * *
A rat comes into view.
The hobgoblin hits you from afar with a spear!
You die...

#.# #.....#.# ##.#
#.g...#.#...... ##..#
#...r†.....#..( ###
#.#.# #.....#.####..#
#.. ##.## ###.....#
#..# ####. #.#
#....††## ... #....
#.# #.####(# #.#
###.### #g#
#.####.#######.#
#..## #.#
#.##...@.......###.##
#g#
#.##.#.#####.......#
#.# #.##.#g#
#.#####.#
#.#####....g.# #.#
#.# #.....####g###
#.# ... #####.g....#
#.# #.## ######## #.#
#.# #.. ..# ### ##


You could see a hobgoblin, 3 goblins and a rat (wandering).

Vanquished Creatures
  2 bats (D:1)
  A hobgoblin (D:1)
  4 rats (D:1)
7 creatures vanquished.

Notes
Turn   | Place    | Note
-------+----------+-------------------------------------------
     0 | D:1      | lalalala the Troll Wizard began the quest for the Orb.
     0 | D:1      | Reached XP level 1. HP: 16/16 MP: 2/2
   270 | D:1      | Slain by a hobgoblin

Vault maps used:
D:1:      lemuel_arrival_tunnels, st_stairs_11, solitary_fountain

Action                   || total
-------------------------++-------
Melee: Unarmed           ||    37
  Use: Scroll            ||     1
       Potion            ||     1
Armor: Robe              ||    71
Dodge: Dodged            ||    69

Table legend:
 A = Non-vault XP
 B = Vault XP
 C = Vault XP percentage of total XP
 D = Non-vault monster count
 E = Vault monster count
 F = Vault count percentage of total count
                 A         B        C        D         E       F
            +---------+---------+-------+---------+---------+-------
      Total |       9 |       0 |   0.0 |       7 |       0 |   0.0
            +---------+---------+-------+---------+---------+-------
        D:1 |       9 |       0 |   0.0 |       7 |       0 |   0.0
            +---------+---------+-------+---------+---------+-------
